Map: Ulrena

Players

rom

  • Race: Terran Terran
  • League: Silver

Jhyrachy - Winner!

  • Race: Zerg Zerg
  • League: Silver

VOD

Have the link to the VOD?

Description

Time

  • Played on: March 30, 2016, 9:06 a.m.
  • Length: 6:33
Show
View Real Time Build Order
Export as new Build Order

rom Terran 

Build Orders:  

Get SALT Encoding   

  12  0:01  SCV  
  13  0:13  SCV  
  14  0:24  Supply Depot  
  14  0:25  SCV  
  15  0:46  SCV  
  15  0:49  Barracks  
  16  0:58  SCV  
  16  1:03  Refinery  
  17  1:10  SCV  
  18  1:22  SCV  
  19  1:34  SCV  
  19  1:38  Supply Depot  
  19  1:39  Marine, Barracks  
  21  1:47  Refinery  
  21  1:57  Reaper  
  21  1:59  SCV  
  23  2:11  SCV  
  24  2:23  SCV  
  24  2:29  Reaper  
  26  2:39  Orbital Command  
  26  2:42  Command Center  
  26  2:48  Barracks Reactor  
  26  3:01  Marine  
  26  3:21  Marine  
  27  3:29  SCV  
  27  3:30  Factory  
  28  3:39  Marine  
  29  3:41  SCV  
  30  3:54  Command Center, SCV  
  31  4:04  SCV  
  33  4:16  Supply Depot, SCV  
  33  4:28  SCV  
  34  4:40  SCV  
  35  4:47  Command Center  
  35  4:50  Supply Depot  
  35  4:52  SCV  
  35  5:04  Marine, SCV  
  35  5:05  Marine  
  38  5:07  Marine  
  38  5:13  Supply Depot  
  38  5:16  SCV  
  39  5:22  Marine x2  
  39  5:25  Marine  
  42  5:37  Supply Depot  
  42  5:43  Marine  
  38  6:01  Marine  
Show
View Real Time Build Order
Export as new Build Order

Jhyrachy Zerg - Winner!

Build Orders: Hatch First 

Get SALT Encoding   

  12  0:01  Drone  
  13  0:09  Drone  
  14  0:22  Overlord  
  14  0:40  Drone x3  
  17  0:57  Drone  
  17  1:00  Hatchery  
  17  1:08  Drone, Extractor  
  17  1:15  Spawning Pool  
  16  1:19  Drone  
  17  1:42  Drone x2  
  17  1:45  Overlord  
  19  2:03  Queen  
  19  2:05  Zergling x2  
  22  2:13  Metabolic Boost  
  22  2:15  Queen  
  22  2:19  Drone x2  
  26  2:37  Drone x4  
  30  3:26  Lair  
  30  3:32  Extractor  
  30  3:33  Drone  
  30  3:34  Drone x3  
  33  3:43  Extractor  
  33  3:46  Extractor  
  31  3:49  Drone x3  
  31  3:50  Drone x2  
  31  3:52  Overlord x2  
  36  4:22  Drone x5  
  36  4:23  Drone x3  
  44  4:30  Spire  
  42  4:33  Zergling x6  
  42  4:34  Zergling x2  
  46  4:41  Queen  
  48  5:04  Overlord x3  
  48  5:44  Mutalisk  
  48  5:45  Mutalisk x9  
  66  5:56  Zergling x10  
  66  5:57  Zergling x2  
  71  5:59  Hatchery  
Tags
 
Add a new tag
Caveats
  • Supply blocks, unpowered buildings, or Contaminate may cause inaccurate times.
  • Supply counts are checked every 10 seconds.